 Dungeon Sprint DCSS version 0.29.1-12-g30fa7ad0bf (webtiles) character file.

Game seed: 16968519733827643355

1956 Groucho the Unseen (level 8, -6/36 HPs)
             Began as a Spriggan Enchanter on Dec 30, 2022.
             Shot with an arrow by a deep elf master archer (11 damage)
             ... in the Dungeon (Sprint II: "The Violet Keep of Menkaure").
             The game lasted 00:07:57 (1052 turns).

Groucho the Unseen (Spriggan Enchanter)             Turns: 1052, Time: 00:07:57

Health: -6/36      AC:  2    Str:  6    XL:     8   Next: 99%
Magic:  25/25      EV: 17    Int: 17    God:
Gold:   57         SH:  0    Dex: 15    Spells: 13/32 levels left

rFire   . . .      SeeInvis +   a - +1 dagger
rCold   . . .      Faith    .   (no shield)
rNeg    . . .      Spirit   .   b - +0 robe
rPois   +          Reflect  .   (helmet restricted)
rElec   .          Harm     .   (no cloak)
rCorr   .          Rampage  .   (gloves unavailable)
Will    +....      NoTele   +   (boots unavailable)
Stlth   ++++++....              (no amulet)
HPRegen 0.12/turn               d - ring of poison resistance
MPRegen 0.19/turn               (no ring)

@: flying, hasted, very quick
A: very small, no large weapons, unfitting armour, see invisible, speed 3
a: no special abilities


You were in the Dungeon.
You visited 1 branch You collected 972 gold pieces.
You spent 915 gold pieces at shops.

Inventory:

Hand Weapons
 a - a +1 dagger (weapon)
Armour
 b - a +0 robe (worn)
Jewellery
 d - a ring of poison resistance (left hand)
Scrolls
 i - a scroll of blinking
Potions
 e - a potion of haste
 g - 2 potions of magic
 h - a potion of berserk rage


   Skills:
 - Level 10.0 Short Blades
 - Level 2.6 Dodging
 - Level 17.0 Stealth
 + Level 12.5 Spellcasting
 + Level 12.8 Hexes


You had 13 spell levels left.
You knew the following spells:

 Your Spells              Type           Power      Damage    Failure   Level
a - Ensorcelled Hibernat  Hex/Ice        64%        N/A       1%          2
b - Confusing Touch       Hex            52%        N/A       1%          3
c - Dazzling Flash        Conj/Hex       64%        N/A       1%          3
d - Tukima's Dance        Hex            52%        N/A       1%          3
e - Discord               Hex            26%        N/A       92%         8

Your spell library contained the following spells:

 Spells                   Type           Power      Damage    Failure   Level
 Portal Projectile        Hex/Tloc       64%        N/A       1%          3
 Summon Guardian Golem    Hex/Summ       32%        N/A       1%          3


Dungeon Overview and Level Annotations

Branches:
Dungeon (1/1)

Altars:
Cheibriados
Dithmenos
Elyvilon
Fedhas
Gozag
Kikubaaqudgha
Makhleb
Nemelex Xobeh
Sif Muna
Trog
Uskayaw
Jiyva
Lugonu

Shops:
D [:*=(:!:[?(=!(*

Annotations:
D exclusion: oklob plant


Innate Abilities, Weirdness & Mutations

You are very small and have problems with some larger weapons.
You are too small for most types of armour.
You have supernaturally acute eyesight. (SInv)
You cover ground extremely quickly. (Speed+++)


Message History

Done waiting.
You start waiting.
A water moccasin is nearby!
A water moccasin is nearby!
There is an open door here.
Casting: Ensorcelled Hibernation (safe; 1% risk of failure)
Confirm with . or Enter, or press ? or * to list all spells.
Aiming: Ensorcelled Hibernation (safe; 1% risk of failure)
Press: ? - help, Shift-Dir - straight line, f - water moccasin
Aim: a water moccasin (wandering, hasn't noticed you, chance to affect: 61%)
The water moccasin hisses angrily.
The water moccasin looks drowsy...
The helpless water moccasin fails to defend itself.
You skewer the water moccasin like a kebab!!!!
You kill the water moccasin!
Really walk into a travel-excluded area?
Okay, then.
Unknown command.
Really walk into a travel-excluded area?
Really walk into a travel-excluded area?
Found three altars.
You enter the shallow water.
Moving in this stuff is going to be slow.
Found three altars.
Really walk into a travel-excluded area?
Stopped running for exclusion.
Really walk into a travel-excluded area?
You feel very buoyant.
You fly up into the air.
You feel yourself speed up.
Found a sparkling altar of Nemelex Xobeh and a hide-covered altar of Uskayaw.
A deep elf master archer comes into view.
The deep elf master archer wields a +0 longbow.
The deep elf master archer shoots an arrow.
The arrow hits you!!
Ouch! That really hurt!
* * * LOW HITPOINT WARNING * * *
The deep elf master archer shoots an arrow.
The arrow hits you!
You die...

##++## # ##Ā§..^### ##
eā‰ˆ.....# ~#+++# #....# ~....
+..@.# ~~.##+##.. ####.#
~~###..##.#### +.### ~~#.##..#
...# #.^.# ####.#.####..##
##..# #.###'###.##..# +..#
.#.##.##...#..# #..# #
###'.<.'.##'..####.^##.#
.#.##.##...#....###.^.##ā–“ā–“


You could see a deep elf master archer.

Vanquished Creatures
  2 boulder beetles (D)
  2 wyverns (D)
  2 water moccasins (D)
  4 necrophages (D)
  3 worms (D)
13 creatures vanquished.

Vanquished Creatures (others)
  Menkaure (D)
1 creature vanquished.

Grand Total: 14 creatures vanquished

Notes
Turn   | Place    | Note
-------+----------+-------------------------------------------
     0 | D        | Groucho the Spriggan Enchanter began the quest for the Orb.
     0 | D        | Reached XP level 1. HP: 9/9 MP: 5/5
     3 | D        | Noticed a wyvern
     3 | D        | Noticed a wyvern
    10 | D        | Reached skill level 5 in Stealth
    14 | D        | Reached skill level 6 in Stealth
    14 | D        | Reached XP level 2. HP: 13/13 MP: 5/7
    17 | D        | Noticed a necrophage
    17 | D        | Noticed a necrophage
    17 | D        | Noticed a necrophage
    17 | D        | Noticed a necrophage
    20 | D        | Killed a necrophage
    21 | D        | Reached skill level 8 in Stealth
    21 | D        | Reached skill level 5 in Hexes
    21 | D        | Reached XP level 3. HP: 16/16 MP: 6/10
    21 | D        | Reached XP level 4. HP: 21/21 MP: 6/11
    21 | D        | Killed a necrophage
    22 | D        | Reached skill level 10 in Stealth
    22 | D        | Reached skill level 5 in Spellcasting
    23 | D        | Killed a necrophage
    24 | D        | Reached skill level 5 in Short Blades
    24 | D        | Reached skill level 11 in Stealth
    24 | D        | Reached XP level 5. HP: 24/24 MP: 6/15
    26 | D        | Reached skill level 12 in Stealth
    30 | D        | Noticed a boulder beetle
    30 | D        | Noticed a boulder beetle
    47 | D        | Killed a boulder beetle
    48 | D        | Reached skill level 16 in Stealth
    48 | D        | Reached XP level 6. HP: 5/28 MP: 8/19
    48 | D        | Reached XP level 7. HP: 6/32 MP: 8/21
    57 | D        | Killed a wyvern
    58 | D        | Reached skill level 17 in Stealth
    58 | D        | Reached skill level 10 in Hexes
    58 | D        | Reached XP level 8. HP: 33/36 MP: 9/22
    61 | D        | Reached skill level 10 in Spellcasting
    65 | D        | Learned a level 2 spell: Ensorcelled Hibernation
    69 | D        | Learned a level 3 spell: Confusing Touch
    73 | D        | Learned a level 3 spell: Dazzling Flash
   289 | D        | Killed a boulder beetle
   290 | D        | Reached skill level 10 in Short Blades
   318 | D        | Found Fawke's Distillery.
   318 | D        | Found Tatusil's Antique Weapon Boutique.
   318 | D        | Found Zyelanamn's Jewellery Shop.
   319 | D        | Found Jyent's General Store.
   319 | D        | Found Viarywupp's Weapon Shop.
   319 | D        | Found Tiepraigu's Magic Scroll Boutique.
   319 | D        | Found Gonkuc's Antique Armour Shop.
   319 | D        | Found Houry's Book Boutique.
   324 | D        | Found Wiegoicot's Distillery.
   324 | D        | Found Ciwkuc's Book Boutique.
   324 | D        | Found Eseefyn's Antique Weapon Shop.
   757 | D        | Found Luriebb's Jewellery Boutique.
   757 | D        | Found Athunt's Assorted Antiques.
   757 | D        | Noticed an oklob plant
   758 | D        | Found Asalaek's Book Shoppe.
   758 | D        | Found Womudih's Antique Armour Boutique.
   762 | D        | Noticed a polar bear
   763 | D        | Noticed a polar bear
   772 | D        | Bought the Exposition on Spellbinding for 476 gold pieces
   813 | D        | Bought a potion of flight for 39 gold pieces
   820 | D        | Bought a ring of poison resistance for 200 gold pieces
   828 | D        | Bought 2 potions of haste for 200 gold pieces
   852 | D        | Found a snail-covered altar of Cheibriados.
   853 | D        | Found a shadowy altar of Dithmenos.
   853 | D        | Found a viscous altar of Jiyva.
   854 | D        | Found a white marble altar of Elyvilon.
   854 | D        | Found an ancient bone altar of Kikubaaqudgha.
   859 | D        | Learned a level 3 spell: Tukima's Dance
   864 | D        | Noticed Menkaure
   868 | D        | Learned a level 8 spell: Discord
   903 | D        | Killed Menkaure
  1030 | D        | Found a blossoming altar of Fedhas.
  1030 | D        | Found a corrupted altar of Lugonu.
  1030 | D        | Found a shimmering blue altar of Sif Muna.
  1031 | D        | Found an opulent altar of Gozag.
  1031 | D        | Found a burning altar of Makhleb.
  1031 | D        | Found a bloodstained altar of Trog.
  1042 | D        | Found a sparkling altar of Nemelex Xobeh.
  1042 | D        | Found a hide-covered altar of Uskayaw.
  1050 | D        | Noticed a deep elf master archer
  1052 | D        | Shot with an arrow by a deep elf master archer

Illustrated notes

Levels and vault maps discovered:
D:        the_violet_keep_of_menkaure [sprint2_stairs_cluster_1,
          sprint2_shoproom, sprint2_temple, sprint2_basic_supplies,
          sprint2_obstacle_7, sprint2_obstacle_5, sprint2_obstacle_1,
          sprint2_obstacle_2, sprint2_obstacle_4, sprint2_timed_cluster_1,
          sprint2_smallroom_cluster_1, sprint2_smallroom_final_cluster_1,
          sprint2_transparent_cluster_1, sprint2_second_timed_cluster_1,
          sprint2_sniper_area_1, sprint2_heavy_combat_area_1,
          sprint2_mutation_trap_area_1, sprint2_forest_area_1,
          sprint2_light_combat_area_1, sprint2_behind_water_1,
          sprint2_near_end_vault_1]

Skill      XL: |  1  2  3  4  5  6  7  8 |
---------------+-------------------------+-----
Stealth        | 6 8 11 16 17 | 17.0
Spellcasting   | 3 4 6 9 12 | 12.5
Hexes          | 4 5 7 9 10 12 | 12.8
Short Blades   | 2 3 5 8 10 | 10.0
Dodging        | |  2.6

Action                   |  1- 3 |  4- 6 |  7- 9 || total
-------------------------+-------+-------+-------++-------
Melee: Dagger            |     4 |    10 |     6 ||    20
 Cast: Ensorcelled Hiber |       |       |     7 ||     7
  Use: Potion            |     2 |     1 |     4 ||     7
 Stab: Sleeping          |     4 |     3 |     5 ||    12
       Invisible         |       |     2 |       ||     2
Dodge: Dodged            |       |     3 |     8 ||    11
